Cogmind - Beta 15 @@@ ROGUE MODE // 2025.06.11 @ 12:29:24 Player: LightKnight Result: Destroyed by P-80 Master with Gamma Rifle Performance ------------- Evolutions (9) 4500 Regions Visited (20) 4000 Robots Destroyed (22) 110 Value Destroyed (1265) 1265 Prototype IDs (80) 1600 Alien Tech Used (5) 1000 Bonus (6220) 6220 TOTAL SCORE: 18695 Bonus ------- High Alert Combat Kills 100 Follower Combat Kills 520 Entered DSFs 500 Registered with UFD 300 Met Optimus in HQ 500 Met Zhirov 300 Met Warlord at Base 500 MAIN.C Attacked Warlord 500 Used Core Reset Matrix 3000 Cogmind --------- Core Integrity 0/1600 Matter 229/300 Energy 100/100 System Corruption 6% Temperature Cool (0) Movement Flying (45) Location -1/Command Parts ------- > --- POWER (2) -------- (None) > --- PROPULSION (7) --- Impulse Thruster Array > --- UTILITY (14) ----- 2N-1CE's Frost Array Machine Analyzer Enhanced Optical Array Advanced Launcher Guidance Computer Advanced Hacking Suite System Shield > --- WEAPON (2) ------- (None) > --- INVENTORY (5) ---- Advanced Terrain Scan Processor Peak State ------------ > --- POWER ------------ Light Quantum Reactor Light Quantum Reactor > --- PROPULSION ------- Xenon Bombardment Thruster Xenon Bombardment Thruster Xenon Bombardment Thruster Xenon Bombardment Thruster Xenon Bombardment Thruster Impulse Thruster Array > --- UTILITY ---------- 2N-1CE's Frost Array Machine Analyzer Enhanced Optical Array Advanced Signal Interpreter Advanced Launcher Guidance Computer Advanced Transmission Jammer Jamming Amplifier Advanced Hacking Suite Advanced Hacking Suite System Shield Mini Drone Bay > --- WEAPON ----------- Enhanced Nova Cannon > --- INVENTORY -------- Advanced Terrain Scan Processor Matter Filter High-powered Transdimensional Reconstructor Vortex Catalyst Activator [Rating: 131] Favorites ----------- Power Ion Engine Engine Ion Engine Power Core Light Nuclear Core Reactor Light Antimatter Reactor Propulsion Aluminum Leg Treads Light Treads Leg Aluminum Leg Wheel Compact Wheel Flight Unit Field Propulsion Array Utility Advanced Hacking Suite Device Advanced Sensor Array Storage Medium Storage Unit Processor Machine Analyzer Hackware Advanced Hacking Suite Protection Improved Light Armor Plating Weapon Companion Sword Energy Gun High-powered Shock Rifle Energy Cannon Enhanced Nova Cannon Ballistic Gun Battle Rifle Ballistic Cannon Compact Mass Driver Launcher Precision Grenade Launcher Special Weapon Junk Cannon Slashing Weapon Companion Sword Special Melee Weapon Improved Datajack Build | -11 -10 -10 -8 -6 -6 -5 -5 -5 -4 -4 -4 -4 -4 -3 -3 -3 -2 -2 -1 -1 ------- Run | Yrd Mat Sub Scr Fac DSF Fac Upp War Pro Fac Upp Upp Zhi Pro Res Qua Res Tes Acc Com Slots Evolved 18 | . . . . 8 . 2 . . . 2 . . . . 2 . 2 . 2 . Power 1 | . . . . . . 1 . . . . . . . . . . . . . . Propulsion 5 | . . . . 3 . . . . . 1 . . . . . . 1 . . . Utility 12 | . . . . 5 . 1 . . . 1 . . . . 2 . 1 . 2 . Weapon . | . . . . . . . . . . . . . . . . . . . . . Parts Attached 95 | . 1 1 12 4 2 16 2 . 4 9 1 . . . 3 1 2 10 3 24 Power 9 | . . . 1 . . 2 . . . 2 . . . . . . 1 . 1 2 Engine 2 | . . . 1 . . 1 . . . . . . . . . . . . . . Core 1 | . . . . . . 1 . . . . . . . . . . . . . . Reactor 6 | . . . . . . . . . . 2 . . . . . . 1 . 1 2 Propulsion 28 | . . . 2 2 . 6 . . 1 3 . . . . 1 . 1 5 . 7 Treads 1 | . . . . 1 . . . . . . . . . . . . . . . . Leg 1 | . . . . 1 . . . . . . . . . . . . . . . . Wheel 2 | . . . 2 . . . . . . . . . . . . . . . . . Hover . | . . . . . . . . . . . . . . . . . . . . . Flight 24 | . . . . . . 6 . . 1 3 . . . . 1 . 1 5 . 7 Utility 43 | . 1 . 2 2 2 8 1 . 3 4 1 . . . 2 1 . 3 2 11 Device 19 | . . . . 1 . 3 . . 1 1 1 . . . 1 1 . 1 2 7 Storage 2 | . 1 . 1 . . . . . . . . . . . . . . . . . Processor 9 | . . . . 1 . 3 1 . . 2 . . . . . . . . . 2 Hackware 8 | . . . . . . 2 . . 2 . . . . . 1 . . 2 . 1 Protection 5 | . . . 1 . 2 . . . . 1 . . . . . . . . . 1 Artifact . | . . . . . . . . . . . . . . . . . . . . . Weapon 15 | . . 1 7 . . . 1 . . . . . . . . . . 2 . 4 Energy Gun 3 | . . . 2 . . . . . . . . . . . . . . . . 1 Energy Cannon 1 | . . . . . . . . . . . . . . . . . . . . 1 Ballistic Gun 1 | . . 1 . . . . . . . . . . . . . . . . . . Ballistic Cannon 2 | . . . . . . . . . . . . . . . . . . 1 . 1 Launcher 4 | . . . 1 . . . 1 . . . . . . . . . . 1 . 1 Special Weapon 1 | . . . 1 . . . . . . . . . . . . . . . . . Impact Weapon . | . . . . . . . . . . . . . . . . . . . . . Slashing Weapon 2 | . . . 2 . . . . . . . . . . . . . . . . . Piercing Weapon . | . . . . . . . . . . . . . . . . . . . . . Special Melee Weapon 1 | . . . 1 . . . . . . . . . . . . . . . . . Unidentified Prototypes 10 | . . . 2 1 . . . . . . . . 1 . . 3 . 1 . 2 Parts Lost 51 | . . . 2 . 1 7 . 2 5 . . . . . 1 4 5 3 5 16 Power 6 | . . . . . 1 1 . . 1 . . . . . . 1 . . . 2 Propulsion 22 | . . . . . . 3 . 1 3 . . . . . . 1 3 2 2 7 Utility 18 | . . . 1 . . 3 . 1 1 . . . . . . 2 2 1 2 5 Weapon 5 | . . . 1 . . . . . . . . . . . 1 . . . 1 2 Highest Loss Streak 13 | . . . 2 . 1 7 . 2 5 . . . . . 1 3 2 2 4 13 To Critical Strikes . | . . . . . . . . . . . . . . . . . . . . . Average Backups 7 | . 7 8 10 11 11 5 3 1 3 3 3 3 4 4 3 3 3 3 4 3 Power . | . 1 1 1 1 1 . . . . . . . . . . . . 1 1 . Propulsion 1 | . 4 4 3 1 1 . . . . . . . . . . . . . . . Utility 1 | . . 1 2 3 3 1 1 . . . 2 2 2 2 1 . . . 1 1 Weapon 1 | . 1 2 2 4 4 2 2 1 2 3 1 1 1 1 1 1 1 1 1 . Tool/Special . | . . . . . . . . . . . . . . . . . . . . . Unused Backups 12 | . . . 4 . . 4 . 1 . . . . 1 . . 1 . . . 1 Power 1 | . . . 1 . . . . . . . . . . . . . . . . . Propulsion . | . . . . . . . . . . . . . . . . . . . . . Utility 4 | . . . 1 . . 1 . . . . . . 1 . . . . . . 1 Weapon 4 | . . . 2 . . 1 . 1 . . . . . . . . . . . . Tool/Special 3 | . . . . . . 2 . . . . . . . . . 1 . . . . Average Slot Usage (%) 73 | . 86 85 85 57 64 55 68 75 67 60 78 78 78 78 75 65 45 40 51 49 Engine 6 | . 14 14 14 6 3 . . . . . . . . . . . . . . . Reactor 1 | . . . . . . . . . . 5 5 5 5 5 4 1 . . 2 1 Leg 9 | . 28 28 17 5 6 1 . . . . . . . . . . . . . . Wheel 4 | . . . 10 13 13 2 . . . . . . . . . . . . . . Flight 5 | . . . . . . 8 17 16 13 11 15 15 15 15 14 11 6 6 9 9 Device 3 | . . . . 6 6 5 5 5 7 5 9 10 10 10 9 11 4 . 9 7 Storage 7 | . 15 14 14 6 6 1 . . . . . . . . . . . . . . Processor 9 | . . . . 5 6 18 25 29 20 16 21 21 21 21 19 19 17 16 12 16 Hackware 5 | . . . . . . 3 5 5 11 15 10 10 10 10 13 14 13 13 15 12 Protection 2 | . . . 4 . 7 1 . . . 2 5 5 5 5 4 1 . . . . Energy Gun 3 | . . . 9 . . . . . . . . . . . . . . . . . Ballistic Gun 4 | . 28 28 7 . . . . . . . . . . . . . . . . . Special Weapon 1 | . . . 2 . . . . . . . . . . . . . . . . . Slashing Weapon 2 | . . . 2 6 6 4 5 5 5 1 5 5 5 5 4 4 2 3 3 . Special Melee Weapon 1 | . . . 2 . . . . . . . . . . . . . . . . . Peak Build Rating 131 | . 7 7 28 34 42 61 73 75 69 102 106 104 106 106 120 121 96 85 101 131 Average Rating 47 | . 6 6 15 33 37 44 64 74 63 76 103 104 104 106 118 101 75 59 88 86 On Entrance 60 | 6 6 6 7 21 34 35 61 73 64 48 102 104 104 106 106 115 87 38 85 65 Naked Turns . | . . . . . . . . . . . . . . . . . . . . . Heaviest Build 64 | 12 17 18 62 50 64 53 16 16 16 36 36 29 29 29 29 28 27 4 20 44 Greatest Support 48 | 20 20 20 26 26 26 26 21 21 24 37 37 37 37 37 46 46 31 30 30 48 Greatest Overweight (x) 3 | . . . 2 1 3 2 . . 2 . . . . . . . . 1 . . Average Overweight (x) . | . . . . 1 1 . . . . . . . . . . . . . . . Largest Inventory Capacity 20 | . 10 10 20 20 20 20 5 5 5 5 5 5 5 5 5 5 5 5 5 5 Average Capacity 9 | . 8 10 13 20 20 9 5 5 5 5 5 5 5 5 5 5 5 5 5 5 Most Carried 20 | . 8 9 20 19 16 19 5 5 5 5 5 5 5 5 5 5 5 5 5 5 Average Carried 8 | . 7 8 11 15 15 8 4 4 4 4 4 4 5 5 4 4 4 4 5 4 Final Capacity 20 | 8 10 10 20 20 20 5 5 5 5 5 5 5 5 5 5 5 5 5 5 5 Final Carried 20 | 6 8 9 20 15 16 5 3 4 4 5 4 5 5 5 5 4 5 5 5 1 Class Distribution -------------------- 53% | Mutant 16% | Hacker-Mutant 13% | Hacker-Scout 5% | Hacker-Sprinter 4% | Scout 3% | Hacker-Ninja Dominant Class ---------------- Mutant | -10/Materials Mutant | -10/Subcaves Mutant | -8/Scraptown Mutant | -6/Factory Mutant | -6/DSF Sprinter | -5/Factory Sprinter | -5/Upper Caves Scout | -5/Warlord Hacker-Mutant | -4/Proximity Caves Hacker-Scout | -4/Factory Hacker-Scout | -4/Upper Caves Hacker-Scout | -4/Upper Caves Hacker-Scout | -4/Zhirov Hacker-Scout | -3/Proximity Caves Hacker-Scout | -3/Research Hacker-Ninja | -3/Quarantine Hacker-Mutant | -2/Research Hacker-Mutant | -2/Testing Hacker-Mutant | -1/Access Hacker-Mutant | -1/Command Resources | -11 -10 -10 -8 -6 -6 -5 -5 -5 -4 -4 -4 -4 -4 -3 -3 -3 -2 -2 -1 -1 ----------- Run | Yrd Mat Sub Scr Fac DSF Fac Upp War Pro Fac Upp Upp Zhi Pro Res Qua Res Tes Acc Com Matter Collected 1208 | 200 . 6 249 . . 98 . . 170 . 90 30 20 . 25 25 . 100 . 195 Remotely . | . . . . . . . . . . . . . . . . . . . . . Salvage Created 1106 | . . . 451 . . 233 . . . . . . 115 . . 48 . 255 . 4 Parts 43 | . . . 21 . . 11 . . . . . . . . . 3 . 8 . . Haulers Intercepted . | . . . . . . . . . . . . . . . . . . . . . Recyclers Shooed 1 | . . . . . . . . . . . . . . . . . . 1 . . Parts Field Recycled . | . . . . . . . . . . . . . . . . . . . . . Retrieved Matter . | . . . . . . . . . . . . . . . . . . . . . Parts Self-Destructed 17 | . . . . . . . . . 17 . . . . . . . . . . . Prevented . | . . . . . . . . . . . . . . . . . . . . . Kills | -11 -10 -10 -8 -6 -6 -5 -5 -5 -4 -4 -4 -4 -4 -3 -3 -3 -2 -2 -1 -1 ------- Run | Yrd Mat Sub Scr Fac DSF Fac Upp War Pro Fac Upp Upp Zhi Pro Res Qua Res Tes Acc Com Combat Hostiles Destroyed 19 | . . . 9 . . 5 . . . . . . . . . . . 3 . 2 Melee 10 | . . . 2 . . 5 . . . . . . . . . . . 3 . . Cannons 1 | . . . . . . . . . . . . . . . . . . . . 1 AOE 8 | . . . 7 . . . . . . . . . . . . . . . . 1 Classes Destroyed 8 | . . . 4 . . 2 . . . . . . . . . 1 . . . 1 Recycler 2 | . . . . . . 1 . . . . . . . . . . . 1 . . Swarmer 8 | . . . . . . 5 . . . . . . . . . . . 3 . . Researcher 1 | . . . . . . . . . . . . . . . . 1 . . . . Combat Programmer 2 | . . . . . . . . . . . . . . . . . . . . 2 Federalist 1 | . . . 1 . . . . . . . . . . . . . . . . . Explorer 1 | . . . 1 . . . . . . . . . . . . . . . . . Guru 1 | . . . 1 . . . . . . . . . . . . . . . . . Scrapper 6 | . . . 6 . . . . . . . . . . . . . . . . . Best Kill Streak 6 | . . . 5 . . 6 . . . . . . . . . 1 . 3 . 1 Combat Bots Only 5 | . . . 5 . . 5 . . . . . . . . . . . 2 . 1 Max Kills in Single Turn 2 | . . . 2 . . 2 . . . . . . . . . 1 . 1 . 1 Gunslinging . | . . . . . . . . . . . . . . . . . . . . . Exploded 2 | . . . 2 . . . . . . . . . . . . . . . . 1 Melee 2 | . . . 1 . . 2 . . . . . . . . . . . 1 . . Uniques/NPCs Destroyed . | . . . . . . . . . . . . . . . . . . . . . Combat | -11 -10 -10 -8 -6 -6 -5 -5 -5 -4 -4 -4 -4 -4 -3 -3 -3 -2 -2 -1 -1 -------- Run | Yrd Mat Sub Scr Fac DSF Fac Upp War Pro Fac Upp Upp Zhi Pro Res Qua Res Tes Acc Com Hostile Shots Fired 510 | . . . 23 . 29 62 . 19 32 4 2 . . 46 65 2 60 54 35 77 Missed 232 | . . . 5 . 14 15 . 8 9 1 . . . 41 45 1 24 24 11 34 Hits 278 | . . . 18 . 15 47 . 11 23 3 2 . . 5 20 1 36 30 24 43 Melee 2 | . . . 2 . . . . . . . . . . . . . . . . . Projectile 276 | . . . 16 . 15 47 . 11 23 3 2 . . 5 20 1 36 30 24 43 AOE 11 | . . . . . . . . 2 . . . . . . . . . . . 9 Critical Strikes 15 | . . . 2 . 1 . . 1 1 . . . . . . . 3 1 . 6 Damage Taken 7819 | . . . 440 . 299 800 . 344 465 82 38 . . 79 375 472 841 685 734 2165 Core 3609 | . . . 165 . 44 414 . 146 324 10 17 . . 24 68 . 436 436 440 1085 Absorbed by Shields . | . . . . . . . . . . . . . . . . . . . . . Core Remaining (%) 64 | 100 . . 34 . 94 . . . 11 . . . . 95 . 79 . 39 . . Volleys Fired 20 | . . . 7 . . . . . . . . . . . . . . . . 13 Largest 1 | . . . 1 . . . . . . . . . . . . . . . . 1 Hottest 120 | . . . 43 . . . . . . . . . . . . . . . . 120 Shots Fired 20 | . . . 7 . . . . . . . . . . . . . . . . 13 Gun . | . . . . . . . . . . . . . . . . . . . . . Cannon 10 | . . . . . . . . . . . . . . . . . . . . 10 Launcher 10 | . . . 7 . . . . . . . . . . . . . . . . 3 Special . | . . . . . . . . . . . . . . . . . . . . . Kinetic . | . . . . . . . . . . . . . . . . . . . . . Thermal 10 | . . . . . . . . . . . . . . . . . . . . 10 Explosive 7 | . . . 7 . . . . . . . . . . . . . . . . . Electromagnetic . | . . . . . . . . . . . . . . . . . . . . . Entropic 3 | . . . . . . . . . . . . . . . . . . . . 3 Robot Hit Streak 7 | . . . 4 . . . . . . . . . . . . . . . . 7 Robot Miss Streak 1 | . . . 1 . . . . . . . . . . . . . . . . 1 Penetration Max . | . . . . . . . . . . . . . . . . . . . . . Secondary Targets . | . . . . . . . . . . . . . . . . . . . . . Shots Hit Robots 48 | . . . 14 . . 13 . . . . . . 2 . . 1 . 11 . 7 Core Hits 33 | . . . 12 . . 5 . . . . . . 1 . . 1 . 5 . 9 Critical Kills . | . . . . . . . . . . . . . . . . . . . . . Critical Parts Destroyed . | . . . . . . . . . . . . . . . . . . . . . Critical Strikes . | . . . . . . . . . . . . . . . . . . . . . Melee Attacks 152 | . . . 22 . . 30 . 3 1 4 6 . 2 21 13 8 4 30 8 . Impact . | . . . . . . . . . . . . . . . . . . . . . Slashing 149 | . . . 19 . . 30 . 3 1 4 6 . 2 21 13 8 4 30 8 . Piercing . | . . . . . . . . . . . . . . . . . . . . . Sneak Attacks 6 | . . . 3 . . 1 . . . . . . . . . 1 . 1 . . Combat Hostiles . | . . . . . . . . . . . . . . . . . . . . . Follow-up Attacks 2 | . . . . . . 2 . . . . . . . . . . . . . . Damage Inflicted 4516 | . . . 912 . . 579 . . 2 . . . 192 . 1 133 . 507 . 2190 Guns . | . . . . . . . . . . . . . . . . . . . . . Cannons 211 | . . . . . . . . . . . . . . . . . . . . 211 Explosions 2726 | . . . 747 . . . . . . . . . . . . . . . . 1979 Melee 1576 | . . . 165 . . 579 . . . . . . 192 . . 133 . 507 . . Ramming 3 | . . . . . . . . . 2 . . . . . 1 . . . . . Kinetic . | . . . . . . . . . . . . . . . . . . . . . Thermal 211 | . . . . . . . . . . . . . . . . . . . . 211 Explosive 747 | . . . 747 . . . . . . . . . . . . . . . . . Electromagnetic . | . . . . . . . . . . . . . . . . . . . . . Impact . | . . . . . . . . . . . . . . . . . . . . . Slashing 1576 | . . . 165 . . 579 . . . . . . 192 . . 133 . 507 . . Piercing . | . . . . . . . . . . . . . . . . . . . . . Entropic 1979 | . . . . . . . . . . . . . . . . . . . . 1979 Highest Corruption 6 | . . . . . . . . 3 3 . . . . . . . 1 4 . 6 Average Corruption 2 | . . . . . . . . 3 3 . . . . . . . 1 3 . 1 Corruption Purged . | . . . . . . . . . . . . . . . . . . . . . Corruption Blocked . | . . . . . . . . . . . . . . . . . . . . . Effects 17 | . . . . . . . . . 8 . . . . . . . . 3 . 6 Message Errors 9 | . . . . . . . . . 5 . . . . . . . . 1 . 3 Matter Fused 4 | . . . . . . . . . 1 . . . . . . . . 1 . 2 Heat Flow Errors 1 | . . . . . . . . . . . . . . . . . . 1 . . Energy Discharges 2 | . . . . . . . . . 2 . . . . . . . . . . . Data Loss (minor) 1 | . . . . . . . . . . . . . . . . . . . . 1 Overload Shots . | . . . . . . . . . . . . . . . . . . . . . Overflow Damage 159 | . . . 4 . . 68 . . . . . . . . . . . 87 . . Projectiles . | . . . . . . . . . . . . . . . . . . . . . Explosions 4 | . . . 4 . . . . . . . . . . . . . . . . . Melee 155 | . . . . . . 68 . . . . . . . . . . . 87 . . Knockbacks . | . . . . . . . . . . . . . . . . . . . . . Impact . | . . . . . . . . . . . . . . . . . . . . . Kinetic . | . . . . . . . . . . . . . . . . . . . . . Secondary . | . . . . . . . . . . . . . . . . . . . . . Self-Inflicted Damage 1 | . . . . . . . . . 1 . . . . . . . . . . . Shots . | . . . . . . . . . . . . . . . . . . . . . Rammed 2 | . . . . . . . . . 1 . . . . . 1 . . . . . Targets Rammed 2 | . . . . . . . . . 1 . . . . . 1 . . . . . Kicked . | . . . . . . . . . . . . . . . . . . . . . Crushed . | . . . . . . . . . . . . . . . . . . . . . Highest Temperature 203 | . . . 72 . . . . 7 . 4 . . . . . . . 203 . . Average Temperature 41 | . . . 32 . . . . 7 . 4 . . . . . . . 111 . . Received Heat Transfer 472 | . . . 217 . 12 9 . 54 54 18 . . . . 27 . 45 . 36 . Siege Activations . | . . . . . . . . . . . . . . . . . . . . . Martial Activations . | . . . . . . . . . . . . . . . . . . . . . Shielding Activations . | . . . . . . . . . . . . . . . . . . . . . Robots Disrupted . | . . . . . . . . . . . . . . . . . . . . . Combat Hostiles . | . . . . . . . . . . . . . . . . . . . . . Robots Corrupted . | . . . . . . . . . . . . . . . . . . . . . Combat Hostiles . | . . . . . . . . . . . . . . . . . . . . . Parts Fried . | . . . . . . . . . . . . . . . . . . . . . Impact Corruptions . | . . . . . . . . . . . . . . . . . . . . . Robots Melted . | . . . . . . . . . . . . . . . . . . . . . Combat Hostiles . | . . . . . . . . . . . . . . . . . . . . . Parts Melted 2 | . . . 2 . . . . . . . . . . . . . . . . . Heat Transferred 148 | . . . . . . . . . . . . . . . . . . . . 148 Parts Sabotaged . | . . . . . . . . . . . . . . . . . . . . . Parts Stolen . | . . . . . . . . . . . . . . . . . . . . . Parts Stripped . | . . . . . . . . . . . . . . . . . . . . . Power Chain Reactions . | . . . . . . . . . . . . . . . . . . . . . Alert | -11 -10 -10 -8 -6 -6 -5 -5 -5 -4 -4 -4 -4 -4 -3 -3 -3 -2 -2 -1 -1 ------- Run | Yrd Mat Sub Scr Fac DSF Fac Upp War Pro Fac Upp Upp Zhi Pro Res Qua Res Tes Acc Com Maximum Alert Level 2 | . . . . . . . . . . . . . . . . . . . . 2 Low Security (%) 81 | . 100 . . 100 100 100 . . . 100 . . . . 100 100 100 100 100 29 Level 1 4 | . . . . . . . . . . . . . . . . . . . . 15 Level 2 14 | . . . . . . . . . . . . . . . . . . . . 54 Level 3 . | . . . . . . . . . . . . . . . . . . . . . Level 4 . | . . . . . . . . . . . . . . . . . . . . . Level 5 . | . . . . . . . . . . . . . . . . . . . . . High Security . | . . . . . . . . . . . . . . . . . . . . . Max Security . | . . . . . . . . . . . . . . . . . . . . . Peak Influence 606 | . 9 . . . 15 198 . . . 53 . . . . 39 27 31 95 125 606 Initial 57 | . . . . . 3 7 . . . . . . . . . . . 2 50 57 Average 111 | . 1 . . . 5 39 . . . 9 . . . . 7 5 9 45 71 350 Influence Increases 2586 | . 9 . . 5 15 342 . 30 30 138 30 . 5 15 61 37 72 235 160 1402 Destroy 0b10 Robot/C 780 | . . . . . . 100 . . . 60 . . . . . 20 . 60 . 540 Destroy 0b10 Robot/NC 35 | . . . . . . 5 . . . . . . 5 . . . . 5 . 20 Destroy Leader 144 | . . . . . . 10 . . . 10 . . . . . . . 10 . 114 Allied During Kill 386 | . . . . . . . . . . 6 . . . . . . . . . 380 Successful Hack 244 | . 9 . . 5 . 37 . . . 5 . . . . 24 . . 22 22 120 Disable Machine 180 | . . . . . . 30 . . . 15 . . . . . 15 . 75 . 45 Destroy Structure 187 | . . . . . . 10 . . . 12 . . . . 22 2 12 18 18 93 Partial Spotted 150 | . . . . . . 30 . . . . . . . . . . 30 15 30 45 Lose Combat Pursuer 480 | . . . . . 15 120 . 30 30 30 30 . . 15 15 . 30 30 90 45 Influence Decreases 2586 | . 9 . . . 5 159 84 134 40 105 48 15 5 15 61 37 68 154 155 1492 Entered New Map 295 | . . . . . 2 8 74 114 10 . 13 4 . . . . . 2 35 33 Time Decay 826 | . 9 . . . . 111 10 . 10 25 35 11 5 15 61 20 38 112 70 294 Lost Part 345 | . . . . . 3 40 . 20 20 . . . . . . 17 30 30 50 135 Lost Ally 1120 | . . . . . . . . . . 80 . . . . . . . 10 . 1030 Squads Dispatched 26 | . . . . 1 1 4 . . 1 5 . . . . 3 3 1 1 . 6 Investigation 7 | . . . . 1 . 2 . . . 2 . . . . 1 . . . . 1 Extermination 9 | . . . . . . 1 . . . 1 . . . . 1 1 1 1 . 3 Reinforcement 9 | . . . . . 1 1 . . . 2 . . . . 1 2 . . . 2 Assault 1 | . . . . . . . . . 1 . . . . . . . . . . . Garrison . | . . . . . . . . . . . . . . . . . . . . . Intercept . | . . . . . . . . . . . . . . . . . . . . . Searches Triggered . | . . . . . . . . . . . . . . . . . . . . . Construction Impeded . | . . . . . . . . . . . . . . . . . . . . . Haulers Reinforced . | . . . . . . . . . . . . . . . . . . . . . Active Scanning Responses . | . . . . . . . . . . . . . . . . . . . . . Cargo Convoy Interrupts . | . . . . . . . . . . . . . . . . . . . . . Stealth | -11 -10 -10 -8 -6 -6 -5 -5 -5 -4 -4 -4 -4 -4 -3 -3 -3 -2 -2 -1 -1 --------- Run | Yrd Mat Sub Scr Fac DSF Fac Upp War Pro Fac Upp Upp Zhi Pro Res Qua Res Tes Acc Com Distress Signals 6 | . . . . . . 1 . . . . . . . . . 1 . 3 . 1 Communications Jammed 9 | . . . . . . . . . . . . . . . . 2 . . 7 . Distress Signals 9 | . . . . . . . . . . . . . . . . 2 . . 7 . Times Spotted 188 | . . . 21 . 3 14 . 19 23 5 3 . . 5 21 6 17 13 12 26 Peak Tracking Total 18 | . . . 5 . 4 8 . 17 18 3 2 . . 4 17 3 15 8 8 6 Tactical Retreats 16 | . . . . . 1 2 . 1 1 1 2 . . 1 1 . 1 1 2 2 Traps | -11 -10 -10 -8 -6 -6 -5 -5 -5 -4 -4 -4 -4 -4 -3 -3 -3 -2 -2 -1 -1 ------- Run | Yrd Mat Sub Scr Fac DSF Fac Upp War Pro Fac Upp Upp Zhi Pro Res Qua Res Tes Acc Com Traps Triggered 11 | . . . . 1 3 . . 1 . 1 . . . . . . 1 1 . 3 Indirectly . | . . . . . . . . . . . . . . . . . . . . . Trap Hack Attempts . | . . . . . . . . . . . . . . . . . . . . . Triggered . | . . . . . . . . . . . . . . . . . . . . . Disarmed . | . . . . . . . . . . . . . . . . . . . . . Reprogrammed . | . . . . . . . . . . . . . . . . . . . . . Reused . | . . . . . . . . . . . . . . . . . . . . . Traps Extracted . | . . . . . . . . . . . . . . . . . . . . . Installed 1 | . . . . . . . . . . . 1 . . . . . . . . . Triggered . | . . . . . . . . . . . . . . . . . . . . . Time Bombs Activated 1 | . . . . . . . . 1 . . . . . . . . . . . . Exploded 1 | . . . . . . . . 1 . . . . . . . . . . . . Machines | -11 -10 -10 -8 -6 -6 -5 -5 -5 -4 -4 -4 -4 -4 -3 -3 -3 -2 -2 -1 -1 ---------- Run | Yrd Mat Sub Scr Fac DSF Fac Upp War Pro Fac Upp Upp Zhi Pro Res Qua Res Tes Acc Com Machines Disabled 20 | . . . 7 . . 2 . . 1 1 . . . . . 1 . 5 . 3 Max in Single Turn 1 | . . . 1 . . 1 . . 1 1 . . . . . 1 . 1 . 1 Garrison Access 2 | . . . . . . . . . . . . . . . . . . 1 1 . Machines Repaired . | . . . . . . . . . . . . . . . . . . . . . Machines Dismantled . | . . . . . . . . . . . . . . . . . . . . . Machines Sabotaged . | . . . . . . . . . . . . . . . . . . . . . Overloaded Fab Kills . | . . . . . . . . . . . . . . . . . . . . . Hacking | -11 -10 -10 -8 -6 -6 -5 -5 -5 -4 -4 -4 -4 -4 -3 -3 -3 -2 -2 -1 -1 --------- Run | Yrd Mat Sub Scr Fac DSF Fac Upp War Pro Fac Upp Upp Zhi Pro Res Qua Res Tes Acc Com Machines Accessed 60 | . 1 . 3 1 . 8 . 7 . 4 . 1 4 . 3 2 3 7 7 9 Terminals 38 | . 1 . . 1 . 6 . . . 3 . . . . 2 2 3 6 6 8 Fabricators . | . . . . . . . . . . . . . . . . . . . . . Repair Stations . | . . . . . . . . . . . . . . . . . . . . . Recycling Units 4 | . . . . . . 1 . . . 1 . . . . 1 . . . . 1 Scanalyzers . | . . . . . . . . . . . . . . . . . . . . . Garrison Access 3 | . . . . . . 1 . . . . . . . . . . . 1 1 . Total Hacks 165 | . 6 . 9 2 . 17 . 16 . 15 . 1 17 . 6 4 5 28 14 25 Successful 104 | . 3 . 9 1 . 8 . 16 . 8 . 1 17 . 3 2 3 12 7 14 Failed 61 | . 3 . . 1 . 9 . . . 7 . . . . 3 2 2 16 7 11 Catastrophic 11 | . . . . . . 4 . . . 1 . . . . 1 . . 1 1 3 Database Lockouts . | . . . . . . . . . . . . . . . . . . . . . Manual 75 | . 4 . . . . 7 . 1 . 10 . . . . 5 4 4 19 7 14 Terminals 112 | . 6 . . 2 . 14 . . . 14 . . . . 5 4 5 25 13 24 Fabricators . | . . . . . . . . . . . . . . . . . . . . . Repair Stations . | . . . . . . . . . . . . . . . . . . . . . Recycling Units 4 | . . . . . . 1 . . . 1 . . . . 1 . . . . 1 Scanalyzers . | . . . . . . . . . . . . . . . . . . . . . Garrison Access 6 | . . . . . . 2 . . . . . . . . . . . 3 1 . Terminal Hacks 81 | . 2 . 9 1 . 5 . 16 . 5 . 1 17 . 1 1 2 7 5 9 Record 27 | . . . 8 . . . . 14 . . . . 5 . . . . . . . Part Schematic 4 | . . . . . . . . . . . . . 4 . . . . . . . Robot Analysis 5 | . . . . . . . . . . . . . 4 . . . . 1 . . Prototype ID Bank 8 | . 1 . . . . 1 . . . . . . 4 . . . . . . 2 Open Door 7 | . . . 1 . . . . 2 . . . 1 . . . . . . 3 . Open DSF 2 | . . . . 1 . . . . . . . . . . . . 1 . . . Level Access Points 3 | . . . . . . . . . . 1 . . . . . . . 1 . 1 Branch Access Points 7 | . . . . . . 1 . . . 1 . . . . 1 . 1 1 1 1 Terminal Index 1 | . . . . . . . . . . 1 . . . . . . . . . . Unreport Threat 1 | . . . . . . . . . . . . . . . . 1 . . . . Locate Traps 11 | . 1 . . . . 3 . . . 1 . . . . . . . 2 1 3 Recall Investigation 1 | . . . . . . . . . . 1 . . . . . . . . . . Zone Layout 2 | . . . . . . . . . . . . . . . . . . 2 . . Disengage Seal 2 | . . . . . . . . . . . . . . . . . . . . 2 Fabricator Hacks . | . . . . . . . . . . . . . . . . . . . . . Repair Station Hacks . | . . . . . . . . . . . . . . . . . . . . . Recycling Unit Hacks . | . . . . . . . . . . . . . . . . . . . . . Scanalyzer . | . . . . . . . . . . . . . . . . . . . . . Garrison Access Hacks 2 | . . . . . . . . . . . . . . . . . . 1 1 . Seal Access 2 | . . . . . . . . . . . . . . . . . . 1 1 . Unauthorized Hacks 21 | . 1 . . . . 3 . . . 3 . . . . 2 1 1 4 1 5 Terminals 17 | . 1 . . . . 2 . . . 2 . . . . 1 1 1 4 1 4 Assimilate 2 | . . . . . . . . . . . . . . . . . . 1 . 1 Botnet 10 | . 1 . . . . 2 . . . 2 . . . . 1 1 1 1 . 1 Detonate 1 | . . . . . . . . . . . . . . . . . . 1 . . Disrupt 4 | . . . . . . . . . . . . . . . . . . 1 1 2 Fabricators . | . . . . . . . . . . . . . . . . . . . . . Repair Stations . | . . . . . . . . . . . . . . . . . . . . . Recycling Units 4 | . . . . . . 1 . . . 1 . . . . 1 . . . . 1 Fedlink 1 | . . . . . . 1 . . . . . . . . . . . . . . Scrapoids 3 | . . . . . . . . . . 1 . . . . 1 . . . . 1 Scanalyzers . | . . . . . . . . . . . . . . . . . . . . . Garrison Access . | . . . . . . . . . . . . . . . . . . . . . Data Cores Recovered . | . . . . . . . . . . . . . . . . . . . . . Used . | . . . . . . . . . . . . . . . . . . . . . Hacking Detections 34 | . 1 . . 1 . 6 . . . 3 . . . . 2 2 2 5 4 8 Full Trace Events 1 | . . . . . . 1 . . . . . . . . . . . . . . Feedback Events . | . . . . . . . . . . . . . . . . . . . . . Feedback Blocked . | . . . . . . . . . . . . . . . . . . . . . Robot Schematics Acquired . | . . . . . . . . . . . . . . . . . . . . . Robots Built . | . . . . . . . . . . . . . . . . . . . . . Authchips . | . . . . . . . . . . . . . . . . . . . . . Time . | . . . . . . . . . . . . . . . . . . . . . Total Robot Build Rating . | . . . . . . . . . . . . . . . . . . . . . Part Schematics Acquired 10 | . . . . . . . . . . . . . 4 . . 6 . . . . Parts Built . | . . . . . . . . . . . . . . . . . . . . . Authchips . | . . . . . . . . . . . . . . . . . . . . . Time . | . . . . . . . . . . . . . . . . . . . . . Total Part Build Rating . | . . . . . . . . . . . . . . . . . . . . . Parts Repaired . | . . . . . . . . . . . . . . . . . . . . . Time . | . . . . . . . . . . . . . . . . . . . . . Parts Recycled . | . . . . . . . . . . . . . . . . . . . . . Recycled Matter . | . . . . . . . . . . . . . . . . . . . . . Retrieved Matter . | . . . . . . . . . . . . . . . . . . . . . Retrieved Components . | . . . . . . . . . . . . . . . . . . . . . Parts Scanalyzed . | . . . . . . . . . . . . . . . . . . . . . Part Schematics Acquired . | . . . . . . . . . . . . . . . . . . . . . Parts Damaged . | . . . . . . . . . . . . . . . . . . . . . Bothacking | -11 -10 -10 -8 -6 -6 -5 -5 -5 -4 -4 -4 -4 -4 -3 -3 -3 -2 -2 -1 -1 ------------ Run | Yrd Mat Sub Scr Fac DSF Fac Upp War Pro Fac Upp Upp Zhi Pro Res Qua Res Tes Acc Com Used RIF Installer . | . . . . . . . . . . . . . . . . . . . . . Robots Hacked 3 | . . . 3 . . . . . . . . . . . . . . . . . Non-combat 1 | . . . 1 . . . . . . . . . . . . . . . . . Combat 2 | . . . 2 . . . . . . . . . . . . . . . . . Robot Hacks Applied 3 | . . . 3 . . . . . . . . . . . . . . . . . parse_system 3 | . . . 3 . . . . . . . . . . . . . . . . . Relay Couplers Released . | . . . . . . . . . . . . . . . . . . . . . Fabnet Peak Effective % . | . . . . . . . . . . . . . . . . . . . . . Robots Rewired . | . . . . . . . . . . . . . . . . . . . . . Allies Hacked 2 | . . . . . . . . . . . . . . . . . . . . 2 Hacks Repelled . | . . . . . . . . . . . . . . . . . . . . . Allies | -11 -10 -10 -8 -6 -6 -5 -5 -5 -4 -4 -4 -4 -4 -3 -3 -3 -2 -2 -1 -1 -------- Run | Yrd Mat Sub Scr Fac DSF Fac Upp War Pro Fac Upp Upp Zhi Pro Res Qua Res Tes Acc Com Total Allies 89 | . . . . . . . . . . 5 . . . . . . . 1 . 83 Largest Group 30 | . . . . . . . . . . 5 . . . . . . . 1 . 30 Highest-Rated Group 917 | . . . . . . . . . . 235 . . . . . . . 10 . 917 Highest-Rated Ally 234 | . . . . . . . . . . 47 . . . . . . . 10 . 234 Total Orders . | . . . . . . . . . . . . . . . . . . . . . Ally Attacks 262 | . . . . . . . . . . 31 . . . . . . . . . 231 Total Damage 6290 | . . . . . . . . . . 620 . . . . . . . . . 5670 Kills 35 | . . . . . . . . . . 3 . . . . . . . . . 32 Allies Corrupted 1 | . . . . . . . . . . . . . . . . . . . . 1 Allies Melted 1 | . . . 1 . . . . . . . . . . . . . . . . . Intel | -11 -10 -10 -8 -6 -6 -5 -5 -5 -4 -4 -4 -4 -4 -3 -3 -3 -2 -2 -1 -1 ------- Run | Yrd Mat Sub Scr Fac DSF Fac Upp War Pro Fac Upp Upp Zhi Pro Res Qua Res Tes Acc Com Active Infowar (turns) 3728 | . . . . 72 87 391 21 251 398 154 258 101 53 231 297 133 168 303 148 662 Optics 2408 | . . . . . . . . . . 54 258 101 53 231 297 133 168 303 148 662 Sensors 1312 | . . . . . . 166 . . . 39 258 101 51 231 281 129 56 . . . IFF 254 | . . . . 72 87 95 . . . . . . . . . . . . . . Terrain 681 | . . . . . . 17 21 251 392 . . . . . . . . . . . Seismic 388 | . . . . . . . . . 187 114 . . . . . . . . 87 . Machine Analysis 3495 | . . . . . . 317 21 251 398 154 258 101 53 231 297 133 168 303 148 662 Jamming 565 | . . . . . . . . . . . . . . . 16 25 32 . 106 386 ECM 7 | . . . . . . 2 . . . . . . . . . 5 . . . . Robot Analysis Total 5 | . . . . . . . . . . . . . 4 . . . . 1 . . Derelict Logs Recovered 7 | . . 2 . . . . . . 2 . 3 . . . . . . . . . Drone Launches . | . . . . . . . . . . . . . . . . . . . . . Drone Recoveries . | . . . . . . . . . . . . . . . . . . . . . Exploration | -11 -10 -10 -8 -6 -6 -5 -5 -5 -4 -4 -4 -4 -4 -3 -3 -3 -2 -2 -1 -1 ------------- Run | Yrd Mat Sub Scr Fac DSF Fac Upp War Pro Fac Upp Upp Zhi Pro Res Qua Res Tes Acc Com Turns Passed 7378 | . 87 270 3293 72 87 391 21 251 398 154 258 101 53 231 297 133 168 303 148 662 Spaces Moved 10261 | 1 71 223 2007 65 65 577 63 753 940 338 690 332 137 512 648 217 331 623 314 1354 Core 50 | . . . . . . 2 . . 1 13 . . . . . . 24 10 . . Treads 1 | . . . . . 1 . . . . . . . . . . . . . . . Legs 1575 | 1 71 223 1280 . . . . . . . . . . . . . . . . . Wheels 933 | . . . 727 65 64 77 . . . . . . . . . . . . . . Hover . | . . . . . . . . . . . . . . . . . . . . . Flight 7702 | . . . . . . 498 63 753 939 325 690 332 137 512 648 217 307 613 314 1354 Fastest Speed 25 | 120 120 120 105 105 105 29 30 30 34 30 30 30 30 30 30 35 39 30 35 25 Average Speed 58 | 120 120 120 142 105 113 42 30 30 34 31 30 30 30 30 34 37 40 32 38 37 Slowest Speed 400 | 120 120 120 190 105 400 120 30 34 195 50 30 30 30 30 35 39 50 100 45 45 Overloaded Moves . | . . . . . . . . . . . . . . . . . . . . . Propulsion Burnouts . | . . . . . . . . . . . . . . . . . . . . . Robots Hopped 67 | . . . . . . 3 . 3 1 1 . . . 3 15 4 2 10 2 23 Potential Cave-ins 14 | . . . . . . 4 . . . . . . . 10 . . . . . . Cave-ins Triggered . | . . . . . . . . . . . . . . . . . . . . . Teleports 2 | . . . . . . . . . . . . . . . . 2 . . . . Exploration Rate (%) 43 | 2 17 24 90 3 69 20 18 91 92 13 86 58 61 69 19 30 14 84 8 48 Regions Visited 20 Branch Regions 12 Pre-discovered Areas 7 | . . 2 . . . . . 1 1 . . . 3 . . . . . . . Known Exits Taken 15 | . . . . 1 . 1 1 1 1 1 1 1 1 1 1 1 1 1 1 . Unknown Exits Taken 4 | 1 1 1 1 . . . . . . . . . . . . . . . . . Scrap Searched 14 | . . . 5 . . . . . 4 . 3 2 . . . . . . . . Spaces Dug 75 | . . . 1 . . 9 . 3 . 2 6 . . 21 12 1 4 6 7 3 Terrain Destroyed 158 | . . . 49 . . 9 . 3 . 2 6 . . 21 12 1 4 6 7 38 Melee 72 | . . . 1 . . 9 . 3 . 2 6 . . 21 12 1 4 6 7 . Projectile 5 | . . . . . . . . . . . . . . . . . . . . 5 AOE 81 | . . . 48 . . . . . . . . . . . . . . . . 33 Terrain Rammed . | . . . . . . . . . . . . . . . . . . . . . Walls Destroyed . | . . . . . . . . . . . . . . . . . . . . . Machines Disabled . | . . . . . . . . . . . . . . . . . . . . . Actions | -11 -10 -10 -8 -6 -6 -5 -5 -5 -4 -4 -4 -4 -4 -3 -3 -3 -2 -2 -1 -1 --------- Run | Yrd Mat Sub Scr Fac DSF Fac Upp War Pro Fac Upp Upp Zhi Pro Res Qua Res Tes Acc Com Total 11264 | . 73 223 2415 69 77 680 64 770 1008 376 731 332 145 554 688 250 359 663 326 1461 Wait 665 | . . . 333 . . 36 . 11 58 19 31 . . 25 34 21 17 5 3 72 Move 10119 | . 70 222 2006 64 64 570 62 748 938 335 689 331 136 505 622 208 326 602 309 1312 Hop 57 | . . . . . . 3 . 1 1 1 . . . 3 11 4 2 10 2 19 Pick Up 35 | . 1 . 16 . 1 2 . 3 1 2 . 1 2 . 2 1 . 2 . 1 Fast Attach 80 | . 1 . 7 . 2 13 . . 4 7 1 . 2 . 1 4 2 10 3 23 Attach 31 | . . . 3 4 . 6 2 . 1 2 1 . . . 1 2 2 1 . 6 Detach 27 | . 1 . 4 . . 7 . . 2 3 1 . . . 1 1 4 . . 3 Swap 6 | . . 1 3 . . . . . . 1 . . . . 1 . . . . . Drop 61 | . . . 14 1 . 15 . 3 1 2 1 . 3 . 2 1 2 3 1 12 Fire 20 | . . . 7 . . . . . . . . . . . . . . . . 13 Melee 150 | . . . 22 . . 28 . 3 1 4 6 . 2 21 13 8 4 30 8 . Ram . | . . . . . . . . . . . . . . . . . . . . . Kick . | . . . . . . . . . . . . . . . . . . . . . Crush . | . . . . . . . . . . . . . . . . . . . . . Escape Stasis 10 | . . . . . 10 . . . . . . . . . . . . . . . Rewire . | . . . . . . . . . . . . . . . . . . . . . Trap 2 | . . . . . . . . 1 . . 1 . . . . . . . . . Miscellaneous 1 | . . . . . . . . . 1 . . . . . . . . . . . Route ------- -11/Scrapyard -10/Materials -10/Subcaves (discovered 2 exits: [*Mat] / *Scr) -8/Scraptown (discovered 2 exits: *Fac x2) -6/Factory -6/DSF -5/Factory (discovered 3 exits: *Fac / *Upp x2) -5/Upper Caves -5/Warlord -4/Proximity Caves -4/Factory (discovered 8 exits: *Res x4 / *Upp x2 / Ext x2) -4/Upper Caves -4/Upper Caves -4/Zhirov -3/Proximity Caves -3/Research (discovered 3 exits: Arm / *Qua x2) -3/Quarantine -2/Research (discovered 2 exits: *Tes x2) -2/Testing -1/Access -1/Command (discovered 2 exits: Sur x2) History --------- Turn | Location | Event 1 | -11/Scrapyard | Discovered new exit (range 0) 1 | -11/Scrapyard | Entered Materials 2 | -10/Materials | Met a group of wandering Federalists 86 | -10/Materials | Discovered new exit (range 3) 88 | -10/Materials | Entered Subcaves 89 | -10/Subcaves | Continued accompanying wandering Federalists (6) 91 | -10/Subcaves | Learned location of Zion (-7) 227 | -10/Subcaves | Shifting Twisted Machinery released Flamer 240 | -10/Subcaves | Discovered new exit (range 10) 246 | -10/Subcaves | Shifting Twisted Machinery released Battle Rifle 318 | -10/Subcaves | Build established: Mutant 347 | -10/Subcaves | Wandering Federalist uncovered a shortcut to Scraptown 358 | -10/Subcaves | Entered Scraptown 662 | -8/Scraptown | Visited Symbiants 729 | -8/Scraptown | Visited Cave Peace 1074 | -8/Scraptown | Discovered new exit (range 13) 1148 | -8/Scraptown | Heard Great Nut preacher, LISTEN AND RECITE! 1234 | -8/Scraptown | Visited Fellowship of the Rings 1483 | -8/Scraptown | Visited Cyclists 1510 | -8/Scraptown | Visited UFD Registry 1510 | -8/Scraptown | Registered with UFD as "Pyrocycle" 1541 | -8/Scraptown | Entered Cyclist Reading Room 1627 | -8/Scraptown | Visited Curators Association 1667 | -8/Scraptown | Visited Abandonware Association 1679 | -8/Scraptown | Learned abandonware demo "REPAIR.EXE" 1679 | -8/Scraptown | Learned abandonware demo "ERRANTS.EXE" 1822 | -8/Scraptown | Visited Scrap Suit Storage 1840 | -8/Scraptown | Visited Scrapoid Pod Storage 1864 | -8/Scraptown | Visited A0-MCA Data Center 1871 | -8/Scraptown | Given an A- rating by A0-MCA 1874 | -8/Scraptown | Found A0-MCA's Component Scanner 1891 | -8/Scraptown | Visited Derelict Rescue Squad 1900 | -8/Scraptown | Found DRS Beacon 1926 | -8/Scraptown | Visited Junk Repository 1968 | -8/Scraptown | Visited Sword Containment 1991 | -8/Scraptown | Visited Junk Cannon Lab 2012 | -8/Scraptown | Found Prototype Special Weapon 2012 | -8/Scraptown | Identified Junk Cannon 2131 | -8/Scraptown | Visited CPS Storage 2177 | -8/Scraptown | Visited Assassins FH 3041 | -8/Scraptown | Met Optimus 3041 | -8/Scraptown | Accepted into 0bPrime 3441 | -8/Scraptown | Civil war broke out across Scraptown 3446 | -8/Scraptown | Found Surveybot 24 Chip 3455 | -8/Scraptown | Found DM-GVY's Chainsaw 3471 | -8/Scraptown | Found PL-3XN's Ring of Power 3539 | -8/Scraptown | Found Scrapoid Pod 3566 | -8/Scraptown | Found Prototype Processor 3584 | -8/Scraptown | Core integrity fell below 50% 3648 | -8/Scraptown | Discovered new exit (range 3) 3651 | -8/Scraptown | Entered Factory 3651 | -6/Factory | Evolved 8 slots: Propulsion x3, Utility x5 3652 | -6/Factory | Identified Expert System 3723 | -6/Factory | Identified exit to DSF 3723 | -6/Factory | Entered DSF 3745 | -6/DSF | Additional patrols routed to DSF 3797 | -6/DSF | Discovered new exit (range 12) 3810 | -6/DSF | Entered Factory 3810 | -5/Factory | Evolved 2 slots: Power x1, Utility x1 3962 | -5/Factory | Discovered new exit (range 10) 3965 | -5/Factory | Identified exit to Factory 4021 | -5/Factory | Identified exit to Upper Caves 4062 | -5/Factory | Expert System configures itself against Swarmer targets 4118 | -5/Factory | Lost 7 parts (1p3n3u) 4188 | -5/Factory | Loaded intel: 8 recycling unit locations 4201 | -5/Factory | Entered Upper Caves 4222 | -5/Upper Caves | A Derelict revealed a hidden shortcut to "reach the base" 4222 | -5/Upper Caves | Identified exit to Warlord 4222 | -5/Upper Caves | Entered Warlord 4229 | -5/Warlord | Discovered new exit (range 20) 4307 | -5/Warlord | Received a Watcher feed algorithm from an ecstatic Tinkerer 4307 | -5/Warlord | Ran a Watcher feed algorithm 4348 | -5/Warlord | Visited the Vortex Lab 4351 | -5/Warlord | Found Vortex Catalyst Activator 4354 | -5/Warlord | Warlord's base attacked by MAIN.C 4365 | -5/Warlord | Learned Quarantine trap positions 4366 | -5/Warlord | Learned 4 Armory zone layouts 4366 | -5/Warlord | Learned 4 Armory zone layouts 4366 | -5/Warlord | Learned 4 Research zone layouts 4366 | -5/Warlord | Learned 4 Access zone layouts 4366 | -5/Warlord | Learned Factory repair station intel 4366 | -5/Warlord | Learned Armory recycling unit intel 4366 | -5/Warlord | Learned Research terminal intel 4375 | -5/Warlord | Rebuked by Warlord 4412 | -5/Warlord | Attacked by Warlord forces 4468 | -5/Warlord | Core integrity fell below 50% 4472 | -5/Warlord | Identified exit to Proximity Caves 4473 | -5/Warlord | Entered Proximity Caves 4474 | -4/Proximity Caves | Activated DRS Beacon 4593 | -4/Proximity Caves | Spotted B-86 Titan 4694 | -4/Proximity Caves | Learned 4 Research zone layouts 4816 | -4/Proximity Caves | Acquired the password to a Derelict Tinkerer's latest research 4823 | -4/Proximity Caves | Lost 3 allies 4846 | -4/Proximity Caves | Build established: Hacker-Mutant 4861 | -4/Proximity Caves | Attracted the attention of an 0b10 outpost 4861 | -4/Proximity Caves | Discovered exit to Factory (range 11) 4868 | -4/Proximity Caves | Core integrity fell below 20% 4871 | -4/Proximity Caves | Caught by Unaware searching for contraband prototypes 4871 | -4/Proximity Caves | Entered Factory 4871 | -4/Factory | Evolved 2 slots: Propulsion x1, Utility x1 4872 | -4/Factory | Loaded intel: 6 repair station locations 4893 | -4/Factory | Identified exit to Upper Caves 4893 | -4/Factory | Identified exit to Extension 4899 | -4/Factory | Lost 5 parts (1p3n1u) 4926 | -4/Factory | Identified exit to Research 4954 | -4/Factory | Scrapoid reinforcements arrived 5025 | -4/Factory | Entered Upper Caves 5106 | -4/Upper Caves | Identified exit to Upper Caves 5118 | -4/Upper Caves | Learned Research emergency access door positions 5171 | -4/Upper Caves | Attracted the attention of an 0b10 checkpoint 5186 | -4/Upper Caves | Learned Research trap positions 5234 | -4/Upper Caves | Build established: Hacker-Scout 5283 | -4/Upper Caves | Entered another Upper Caves area 5347 | -4/Upper Caves | Discovered new exit (range 15) 5351 | -4/Upper Caves | Identified exit to Zhirov 5384 | -4/Upper Caves | Entered Zhirov 5384 | -4/Zhirov | Discovered new exit (range 3) 5390 | -4/Zhirov | Met Zhirov 5395 | -4/Zhirov | Learned location of Quarantine (-3) 5395 | -4/Zhirov | Learned location of Testing (-2) 5395 | -4/Zhirov | Learned location of Command (-1) 5398 | -4/Zhirov | Zhirov requested help retrieving the SGEMP Prototype 5403 | -4/Zhirov | Found Alien Artifact 5403 | -4/Zhirov | Identified Integrated Reactor 5403 | -4/Zhirov | Installed Integrated Reactor, increased core energy generation (+10) 5424 | -4/Zhirov | Found Alien Artifact 5437 | -4/Zhirov | Identified exit to Proximity Caves 5437 | -4/Zhirov | Entered Proximity Caves 5439 | -3/Proximity Caves | Attracted the attention of an 0b10 checkpoint 5569 | -3/Proximity Caves | Spotted B-86 Titan 5663 | -3/Proximity Caves | Discovered exit to Research (range 19) 5668 | -3/Proximity Caves | Entered Research 5668 | -3/Research | Evolved 2 slots: Utility x2 5670 | -3/Research | Loaded intel: 71 trap records 5672 | -3/Research | Loaded intel: 23 terminal locations 5834 | -3/Research | Identified exit to Armory 5834 | -3/Research | Identified exit to Quarantine 5965 | -3/Research | Entered Quarantine 5966 | -3/Quarantine | Loaded intel: 24 trap records 5970 | -3/Quarantine | Found Alien Artifact 5991 | -3/Quarantine | Found Alien Artifact 5991 | -3/Quarantine | Identified Dimensional Node Initializer 5991 | -3/Quarantine | Initialized slip node 5997 | -3/Quarantine | Found Alien Artifact 5997 | -3/Quarantine | Identified Hpw. Transdimensional Reconstructor (x2) 5997 | -3/Quarantine | Warped through subspace to slip node 6043 | -3/Quarantine | Lost 3 parts (1p1n1u) 6072 | -3/Quarantine | Found Alien Artifact 6072 | -3/Quarantine | Identified Core Reset Matrix 6072 | -3/Quarantine | Identified Transdimensional Reconstructor 6072 | -3/Quarantine | Used Core Reset Matrix 6075 | -3/Quarantine | Warped through subspace 6076 | -3/Quarantine | Detected hypermatrix surge 6076 | -3/Quarantine | Sensed 8 artifacts in vicinity 6088 | -3/Quarantine | Discovered new exit (range 11) 6088 | -3/Quarantine | Spotted Alpha 7 6093 | -3/Quarantine | Identified exit to Research 6098 | -3/Quarantine | Entered Research 6098 | -2/Research | Evolved 2 slots: Propulsion x1, Utility x1 6233 | -2/Research | Identified exit to Testing 6266 | -2/Research | Entered Testing 6276 | -2/Testing | Found Point Singularity Launcher 6426 | -2/Testing | Core integrity fell below 50% 6469 | -2/Testing | Found Ghost Barrier 6480 | -2/Testing | Identified exit to Access 6565 | -2/Testing | Found Prototype Device 6565 | -2/Testing | Identified 2N-1CE's Frost Array 6569 | -2/Testing | Entered Access 6569 | -1/Access | Evolved 2 slots: Utility x2 6618 | -1/Access | Identified exit to Command 6702 | -1/Access | Build established: Hacker-Mutant 6717 | -1/Access | Entered Command 6730 | -1/Command | Lost 4 parts (1n2u1w) 6750 | -1/Command | Scrapoids reinforcements arrived? 6856 | -1/Command | Disengaged cave seal 6938 | -1/Command | Disengaged cave seal 6938 | -1/Command | Assembled emerged from the dark tunnel 6942 | -1/Command | Found Unknown Device 6942 | -1/Command | Identified Launcher Loader 7112 | -1/Command | Spotted B-99 Colossus 7134 | -1/Command | Lost 10 allies 7191 | -1/Command | Identified exit to Surface 7230 | -1/Command | Failed to warp due to unstable space 7233 | -1/Command | Spotted M Guard 7233 | -1/Command | Spotted M Guard 7233 | -1/Command | Spotted Combat Programmer 7233 | -1/Command | Spotted Combat Programmer 7237 | -1/Command | Destroyed Combat Programmer 7251 | -1/Command | Spotted B-99 Colossus 7268 | -1/Command | Core integrity fell below 50% 7271 | -1/Command | Destroyed Combat Programmer 7286 | -1/Command | Emitted hypermatrix ping 7291 | -1/Command | Assembled emerged from beneath the floor 7324 | -1/Command | Assembled emerged from beneath the floor 7325 | -1/Command | Core integrity fell below 20% 7354 | -1/Command | Lost 13 parts (2p7n2u2w) 7360 | -1/Command | Lost 18 allies 7379 | -1/Command | Destroyed by P-80 Master with Gamma Rifle Last Messages --------------- 07324_ Assembled emerge from beneath the floor. 07324_ K-01 Serf collects debris. 07324_ as-06344 knocked back. 07324_ as-72308 destroyed. 07324_ as-72370 destroyed. 07324_ as-69010 destroyed. 07324_ as-92705 destroyed. 07324_ as-06344 destroyed. 07324_ as-54239 destroyed. 07325_ Slug penetrates M Guard. 07326_ as-18723 suffers critical hit (Blast). 07326_ as-18723 destroyed. 07326_ K-01 Serf collects debris. 07327_ The unstable cave ceiling collapses. 07327_ K-01 Serf collects debris. 07329_ as-93598 destroyed. 07360_ Imp. Hacking Suite destroyed. 07361_ Adv. Signal Interpreter destroyed. 07363_ Jamming Amplifier destroyed. 07365_ The unstable cave ceiling collapses. Map ----- +----------------------------------------------------+ | ???????????????#"""##?#####?#####?#####?#####?## | | ???????????????# ### #?# #?# #?# ### # | | ???????????????# ## # ### ## ### ## | | ???????????????# % | | ???????????????# | | ???????????????# | | ???????????????# | | ???????????????# % % | | ???????????????# # ### ### | | ?????????????# ###### #?# #?# % | | ??????????????# # # ###?#####?#### # | | ??????????????# p ###????????????? | | ??????????????####### p # #??????????????? | | ????????????????????### ##???????????????# | | ??????????????????????# ##?????????????????## ## | | ??????????????????????# #????????????????????##? | | ??????????????????????# #??????????????????????? | | ??????????????????????# #??????????????????????? | | ??????????????????????# #???????????????######## | | ??????????????????????# #???????????????# | | ??????????????????????# #???????????????# | | ??????????????????????# #???????????????# | | ??????????????????????# #???????????????# "" | | ??????????????????????# #???????????????# """" | | ??????????????????????# #???????????????# """" | | ??????????????????????# @#???????????????# "" | | ??????????????????????#;###???????????????# * | | ??????????????????????????????????????????# | | ??????????????????????????????????????????# " | | ??????????????????????????????????????????# "" " | | ??????????????????????????????????????????# """" | | ??????????????????????????????????????????# "" | | ??????????????????????????????????????????# | | ??????????????????????????????????????????# | | ??????????????????????????????????????????# | | ??????????????????????????????????????????# ] | | ??????????????????????????????????????????######## | | ?????????????????????????????????????????????????? | | ?????????????????????????????????????????????????? | | ?????????????????????????????????????????????????? | | ?????????????????????????????????????????????????? | | ?????????????????????????????????????????????????? | | ?????????????????????????????????????????????????# | | ?????????????????????????????????????????????????# | | ?????????????????????????????????????????????????# | | ?????????????????????????????????????????????????# | | ?????????????????????????????????????????????????# | | ?????????????????????????????????????????????????# | | ?????????????????????????????????????????????????? | | ?????????????????????????????????????????????????? | +----------------------------------------------------+ Best States ------------- Heat Dissipation 152 Energy Generation 55 Energy Capacity 395 Matter Stores 300 Matter Capacity 300 Sight Range 22 Robot Scan Range 16 Terrain Scan Range 20 Terrain Scan Density 2010 ECM Strength 2 Jamming Range 16 Armor Coverage 450 Evasion (%) 76 Launcher Accuracy 40 Recoil Reduction 1 Offensive Hacking 40 Defensive Hacking 30 Item Schematics ----------------- None Robot Schematics ------------------ None Fabricated ------------ Nothing Repaired ---------- Nothing Alien Tech Used ----------------- Integrated Reactor Dimensional Node Initializer High-powered Transdimensional Reconstructor Core Reset Matrix Transdimensional Reconstructor Achievements -------------- None Challenges ------------ None Game ------ Seed BoreResetDisintegrator Manual? 0 Play Time 01:48:46 Cumulative 313.5 hours Start 2025.06.11 @ 10:36:41 End 2025.06.11 @ 12:29:24 Sessions 1 Manual Loads 0 Difficulty Rogue Special Mode None Game No. 221 Rogue 221 Adventurer 0 Explorer 0 Win Type - Total 24 Types 18/0/4/2/0/0/0/0/0/0 Lore% 87 Gallery% 74 Achievement% 64 Wizard Run 0 Options --------- Layout 0 ASCII 1 Keyboard 1 Movement Arrows Keybinds 0 Fullscreen 2 Font 18/Terminus Map View 76x50 Zoom Use 0% Tactical HUD 1 Map Filters NONE Filters NONE Steam 1 RUN: 358e1f45-a784-4550-aaaa-0e696f919d85